 Dungeon Crawl Stone Soup version 0.21-a0-404-g291f19a (webtiles) character file.

18 Insomnius the Sneak (level 2, -3/22 HPs)
             Began as a Vampire Assassin on Oct 30, 2017.
             Slain by a hobgoblin
             ... wielding a +0 club
              (4 damage)
             ... on level 1 of the Dungeon.
             The game lasted 00:03:10 (262 turns).

Insomnius the Sneak (Vampire Assassin)               Turns: 262, Time: 00:03:11

Health: -3/22      AC:  3    Str: 10    XL:     2   Next: 51%
Magic:  2/2        EV: 12    Int: 13    God:
Gold:   4          SH:  0    Dex: 15    Spells: 1/1 levels left

rFire    . . .     SeeInvis +   a - +2 dagger
rCold    . . .     Gourm    .   (no shield)
rNeg     + . .     Faith    .   c - +0 robe
rPois    .         Spirit   .   (no helmet)
rElec    .         Reflect  .   d - +0 cloak
rCorr    .         Harm     .   (no gloves)
MR       .....                  (no boots)
Stlth    +++.......             (no amulet)
HPRegen  0.07/turn              (no ring)
MPRegen  0.08/turn              (no ring)

@: no status effects
A: fangs 3, see invisible, unbreathing
a: no special abilities


You were on level 1 of the Dungeon.
You were not thirsty.

You visited 1 branch of the dungeon, and saw 2 of its levels.

You collected 4 gold pieces.

Inventory:

Hand Weapons
 a - a +2 dagger (weapon)
 b - a +0 blowgun
Missiles
 e - 8 poisoned needles
 f - 2 curare-tipped needles
Armour
 c - a +0 robe (worn)
 d - a +0 cloak (worn)
Scrolls
 h - 2 scrolls of identify {unknown}
 j - a scroll of remove curse {unknown}
Potions
 g - 4 potions of blood
 i - a potion of resistance {unknown}


   Skills:
 - Level 1.7 Fighting
 * Level 2.9 Short Blades
 - Level 1.5 Throwing
 + Level 1.6 Dodging
 + Level 6.1 Stealth


You had one spell level left.
You didn't know any spells.

Dungeon Overview and Level Annotations

Branches:
Dungeon (2/15)

Altars:


Innate Abilities, Weirdness & Mutations

You have razor-sharp teeth.
You have supernaturally acute eyesight. (SInv)
You can survive without breathing.


Message History

Yummy - fresh blood!
The kobold throws a stone.
The stone misses you. The kobold hits you with a short sword.
* * * LOW HITPOINT WARNING * * *
Things that are here:
a club; a stone; a hobgoblin corpse You hit the kobold.
You kill the kobold!
You completely miss the hobgoblin.
You bite the hobgoblin, but do no damage.
You hit the hobgoblin but do no damage.
You bite the hobgoblin, but do no damage.
You hit the hobgoblin.
The hobgoblin is almost dead.
The hobgoblin barely misses you.
You completely miss the hobgoblin.
The hobgoblin is almost dead.
The goblin hits you.
* * * LOW HITPOINT WARNING * * *
The hobgoblin hits you with a club.
You die...

#.#...............
#####'#.##########+
.# #...(...#
#.....(.# #.......#
#.......# #.......#
. ##.......# ...
###.......@###.....
##.....##.#ggg......
#..≈≈≈.##.#######...
####..≈(≈.##.####
#.....≈≈≈........
###.#........####
#.###.÷....# #.#
#......# #.#
#......#


You could see 2 hobgoblins and a goblin.

Vanquished Creatures
  A dart slug (D:1)
  A leopard gecko (D:1)
  A bat (D:1)
  A giant cockroach (D:1)
  A hobgoblin (D:1)
  3 jackals (D:1)
  4 kobolds (D:1)
12 creatures vanquished.

Notes
Turn   | Place    | Note
-------+----------+-------------------------------------------
     0 | D:1      | Insomnius the Vampire Assassin began the quest for the Orb.
     0 | D:1      | Reached XP level 1. HP: 16/16 MP: 1/1
    88 | D:1      | Reached skill level 6 in Stealth
   118 | D:1      | Reached XP level 2. HP: 22/22 MP: 2/2
   262 | D:1      | HP: 1/22 [goblin (2)]
   262 | D:1      | Slain by a hobgoblin

Vault maps used:
D:1:      nzn_arrival_depleted_hourglass, corexii_item_surrounded_by_moat
D:2:      elyvilon_altar_1, kennysheep_vampire_church, uniq_terence,
          uniq_sigmund

Skill      XL: |  1 |
---------------+----+-----
Stealth        | 6 |  6.1
Fighting       | |  1.7
Short Blades   | |  2.9
Throwing       | |  1.5
Dodging        | |  1.6

Action                   || total
-------------------------++-------
Melee: Dagger            ||    34
       Bite              ||     5
  Use: Potion            ||     1
 Stab: Sleeping          ||     4
Armor: Robe              ||     7
Dodge: Dodged            ||    17

Table legend:
 A = Spawn XP
 B = Non-spawn XP
 C = Spawn XP percentage of total XP
 D = Spawn monster count
 E = Non-spawn monster count
 F = Spawn count percentage of total count
 G = Total turns spent on level
                    A         B        C        D         E        F      G
               +---------+---------+-------+---------+---------+-------+---------
         Total |       0 |      27 |   0.0 |       0 |      12 |   0.0 |   262
               +---------+---------+-------+---------+---------+-------+---------
           D:1 |       0 |      27 |   0.0 |       0 |      12 |   0.0 |   260
               +---------+---------+-------+---------+---------+-------+---------
